 Dungeon Crawl Stone Soup version 0.29-a0-393-g47a863cc1b (webtiles) character file.

Game seed: 1823634654225467635

62 lesaewzxc the Bolt Thrower (level 4, -3/39 HPs)
             Began as a Kobold Arcane Marksman on May 10, 2022.
             Slain by a worm (5 damage)
             ... on level 2 of the Dungeon.
             The game lasted 00:07:33 (1237 turns).

lesaewzxc the Bolt Thrower (Kobold Arcane Marksman) Turns: 1237, Time: 00:07:34

Health: -3/39      AC: 22    Str:  7    XL:     4   Next: 28%
Magic:  6/6        EV:  3    Int: 14    God:
Gold:   70         SH:  0    Dex: 17    Spells: 5/6 levels left

rFire   . . .      SeeInvis .   a - +0 hand crossbow
rCold   . . .      Faith    .   (no shield)
rNeg    . . .      Spirit   .   (body armour currently unavailable)
rPois   +          Reflect  .   (helmet currently unavailable)
rElec   .          Harm     .   (cloak currently unavailable)
rCorr   .          Rampage  .   (gloves currently unavailable)
Will    .....      NoTele   +   (boots currently unavailable)
Stlth   +++.......              (no amulet)
HPRegen 0.13/turn               (no ring)
MPRegen 0.10/turn               (no ring)

@: tree-form
A: stationary, stasis, torment immunity, boosted hp, small, no large weapons,
nightstalker 3
a: no special abilities


You were on level 2 of the Dungeon.
You were a tree.
You visited 1 branch of the dungeon, and saw 2 of its levels.

You collected 70 gold pieces.

Inventory:

Hand Weapons
 a - a +0 hand crossbow (weapon)
Armour
 b - a +0 robe
 d - a +0 robe
 e - a +0 robe (melded)
 k - a +1 pair of boots (melded)
Scrolls
 c - 2 scrolls of vulnerability
 l - a scroll of identify
Potions
 f - a potion of lignification
 h - 2 potions of heal wounds {unknown}
 i - a potion of curing {unknown}
 j - 2 potions of haste {unknown}


   Skills:
 + Level 1.7 Fighting
 * Level 3.9 Crossbows
 * Level 3.3 Dodging
 + Level 1.7 Spellcasting
 + Level 3.2 Hexes


You had 5 spell levels left.
You knew the following spells:

 Your Spells              Type           Power      Damage    Failure   Level
a - Slow                  Hex            40%        N/A       6%          1

Your spell library contained the following spells:

 Spells                   Type           Power      Damage    Failure   Level
 Inner Flame              Hex/Fire       5%         N/A       36%         3
 Portal Projectile        Hex/Tloc       10%        N/A       36%         3
 Cause Fear               Hex            5%         N/A       54%         4


Dungeon Overview and Level Annotations

Branches:
Dungeon (2/15)

Altars:


Innate Abilities, Weirdness & Mutations

You are a tree.
Your roots penetrate the ground, keeping you stationary.
You cannot be teleported.
You are immune to unholy pain and torment.
Your maximum health is greatly increased.
Your equipment is partially melded.
You are small and have problems with some larger weapons.
You are completely attuned to the shadows.


Message History

The jackal is almost dead.
The jackal bites you but does no damage.
The worm bites you but does no damage.
Shoot: a) +0 hand crossbow
Press: ? - help, Shift-Dir - straight line, f/p - jackal
Aim: a jackal (almost dead, 55% to hit)
You shoot a bolt. The bolt hits the jackal.
You kill the jackal!
Unknown command.
Shoot: a) +0 hand crossbow
Press: ? - help, Shift-Dir - straight line, f - worm
Aim: a worm (slow, 79% to hit)
You shoot a bolt. The bolt hits the worm.
The worm is moderately wounded.
The worm barely misses you.
Shoot: a) +0 hand crossbow
Press: ? - help, Shift-Dir - straight line, f/p - worm
Aim: a worm (moderately wounded, slow, 79% to hit)
You shoot a bolt. The bolt barely misses the worm.
The worm is no longer moving slowly.
Shoot: a) +0 hand crossbow
Press: ? - help, Shift-Dir - straight line, f/p - worm
Aim: a worm (moderately wounded, 79% to hit)
You shoot a bolt. The bolt hits the worm!
The worm is severely wounded.
The worm bites you.
* * * LOW HITPOINT WARNING * * *
Shoot: a) +0 hand crossbow
Press: ? - help, Shift-Dir - straight line, f/p - worm
Aim: a worm (heavily wounded, 79% to hit)
It was a potion of lignification.
You turn into a tree.
Your +1 pair of boots melds into your body.
Your +0 robe melds into your body.
Your roots penetrate the ground.
The worm completely misses you.
Unknown command.
Shoot: a) +0 hand crossbow
Press: ? - help, Shift-Dir - straight line, f/p - worm
Aim: a worm (heavily wounded, 79% to hit)
You shoot a bolt. The bolt barely misses the worm.
The worm bites you.
You die...

.###.##...##
##..#..#..#..##
..###.##.##...#
...'..#..#..#..#
#.######################
............○°○°☼.°.....
..............☼☼○.#####.
....#.#..#####.○..#..
........... °☼††♣○☼°☼
....#...... ☼..w○.°○.
....... ##.☼☼°.##
°○...°## ☼°.#☼☼# .....##


You could see a worm.

Vanquished Creatures
  2 adders (D:2)
  A dart slug (D:1)
  3 ball pythons
  2 bats
  4 endoplasms
  A giant cockroach (D:1)
  2 goblins (D:1)
  6 hobgoblins
  4 jackals (D:2)
  4 kobolds
  A quokka (D:2)
  5 frilled lizards
  A rat (D:2)
36 creatures vanquished.

Notes
Turn   | Place    | Note
-------+----------+-------------------------------------------
     0 | D:1      | lesaewzxc the Kobold Arcane Marksman began the quest for
                  | the Orb.
     0 | D:1      | Reached XP level 1. HP: 12/12 MP: 2/2
   281 | D:1      | Reached XP level 2. HP: 16/16 MP: 3/3
   580 | D:1      | Found a faded altar of an unknown god.
   593 | D:1      | Reached XP level 3. HP: 14/20 MP: 4/4
  1215 | D:2      | Reached XP level 4. HP: 21/25 MP: 6/6
  1235 | D:2      | HP: 1/26 [worm (4)]
  1237 | D:2      | Slain by a worm

Illustrated notes

Levels and vault maps discovered:
D:1:      dpeg_arrival_concentric_ovals, layout_loops_ring,
          ebering_ecumenical_altar_webs
D:2:      minmay_razor_zed, layout_rooms

Skill      XL: |  1  2  3 |
---------------+----------+-----
Crossbows      | 3 |  3.9
Dodging        | 3 |  3.3
Fighting       | |  1.7
Spellcasting   | |  1.7
Hexes          | |  3.2

Action                   |  1- 3 |  4- 6 || total
-------------------------+-------+-------++-------
 Fire: Hand crossbow     |    70 |    20 ||    90
 Cast: Slow              |       |     1 ||     1
  Use: Scroll            |     3 |     1 ||     4
       Potion            |       |     1 ||     1
Armor: Robe              |    13 |     9 ||    22
Dodge: Dodged            |    47 |    17 ||    64

Table legend: (Time is in decaauts)
 A = Elapsed time spent in this place.
 B = Non-inter-level travel time spent in this place.
 C = Inter-level travel time spent in this place.
 D = Time resting spent in this place.
 E = Time spent auto-exploring this place.
 F = Levels seen in this place.
 G = Mean time per level.
                   A        B        C        D        E       F      G
               +--------+--------+--------+--------+--------+-----+--------+
         Total |   1265 |   1265 |      0 |      0 |     95 |   2 |  632.5 |
       Dungeon |   1265 |   1265 |      0 |      0 |     95 |   2 |  632.5 |
               +--------+--------+--------+--------+--------+-----+--------+

Top non-repeatable levels by time:
     D:1: 809 daAuts
     D:2: 456 daAuts
